 Dungeon Crawl Stone Soup version 0.30.0-29-ga12c61a403 (webtiles) character file.

Game seed: 11777737055571945371

420 Irreverend the Insei (level 6, 0/47 HPs)
             Began as a Demonspawn Transmuter on June 5, 2023.
             Succumbed to a gnoll's poison
             ... on level 4 of the Dungeon.
             The game lasted 00:08:13 (4416 turns).

Irreverend the Insei (Demonspawn Transmuter)        Turns: 4416, Time: 00:08:14

Health: 0/47       AC:  5    Str: 10    XL:     6   Next: 62%
Magic:  9/9        EV: 13    Int: 16    God:
Gold:   107        SH:  0    Dex: 14    Spells: 8/9 levels left

rFire   . .          .
                       - Unarmed
rCold   . . .        (no shield)
rNeg    . . .        a - +0 robe
rPois   .            (helmet currently unavailable)
rElec   .            m - +2 cloak
rCorr   .            (no gloves)
SInv    .            (boots currently unavailable)
Will    .....        (no amulet)
Stlth   +            (no ring)
HPRegen 0.27/turn    (no ring)
MPRegen 0.11/turn

%: no passive effects
@: lethally poisoned (0 -> -3), appendages (expiring), attractive, flying,
invisible
A: horns 2, talons 2, claws 1, demonic guardian 1
a: End Transformation


You were on level 4 of the Dungeon.
You had temporarily grown beastly horns and talons.
You visited 1 branch of the dungeon, and saw 4 of its levels.

You collected 107 gold pieces.

Inventory:

Armour
 a - a +0 robe (worn)
 m - a +2 cloak (worn)
Jewellery
 o - a ring of flight
Wands
 b - a wand of flame (11)
 f - a wand of charming (7)
 n - a wand of roots (1)
Scrolls
 c - a scroll of enchant weapon {unknown}
 d - 4 scrolls of identify {unknown}
 e - a scroll of blinking {unknown}
 g - 4 scrolls of teleportation {unknown}
 k - a scroll of fog {unknown}


   Skills:
 + Level 3.3 Fighting
 + Level 3.5 Dodging
 * Level 5.2 Unarmed Combat
 - Level 2.0 Spellcasting
 - Level 1.7 Transmutations


You had 8 spell levels left.
You knew the following spells:

 Your Spells              Type           Power      Damage    Failure   Level
a - Beastly Appendage     Tmut           14%        N/A       10%         1

Your spell library contained the following spells:

 Spells                   Type           Power      Damage    Failure   Level
 Wereblood                Tmut           7%         N/A       16%         2
 Sandblast                Erth           2%         2d4       21%         1
 Passwall                 Tmut/Erth      3%         N/A       22%         2
 Spider Form              Tmut/Pois      4%         N/A       41%         3
 Dazzling Flash           Conj/Hex       2%         N/A       52%         3
 Stone Arrow              Conj/Erth      2%         3d7       52%         3
 Ice Form                 Ice/Tmut       4%         N/A       82%         4
 Airstrike                Air            0%         2d(1-17)  90%         4
 Anguish                  Hex/Necr       0%         N/A       90%         4
 Cause Fear               Hex            0%         N/A       90%         4
 Manifold Assault         Tloc           1%         N/A       90%         4
 Summon Mana Viper        Hex/Summ       1%         N/A       99%         5
 Dispersal                Tloc           0%         N/A       100%        6
 Disjunction              Tloc           0%         N/A       100%        8


Dungeon Overview and Level Annotations

Branches:
Dungeon (4/15)
 Temple: D:4-7

Altars:
Kikubaaqudgha
Nemelex Xobeh
Sif Muna
Uskayaw

Annotations:
D:3 1 runed translucent door, seaoflcl's ghost, amateur MiBe


Innate Abilities, Weirdness & Mutations

You have temporarily grown beastly horns and talons.
You have sharp fingernails.
A weak demonic guardian rushes to your aid.


Message History

The gnoll barely misses you.
You swap places.
Your transformation is almost over.
Your quasit bites the gnoll but does no damage.
Your quasit barely misses the gnoll.
Your quasit closely misses the gnoll.
The gnoll hits you from afar with a +0 spear of venom.
* * * LOW HITPOINT WARNING * * *
You are lethally poisoned!
* * * LOW HITPOINT WARNING * * *
You feel sick.
Your quasit barely misses the gnoll.
Your quasit completely misses the gnoll.
Your quasit closely misses the gnoll.
The gnoll misses your quasit.
Your quasit bites the gnoll.
Your quasit claws the gnoll but does no damage.
Your quasit closely misses the gnoll.
It was a potion of flight.
You feel very buoyant.
You fly up into the air.
* * * LOW HITPOINT WARNING * * *
You feel sick. The gnoll barely misses your quasit.
Your quasit bites the gnoll.
Your quasit closely misses the gnoll.
Your quasit claws the gnoll but does no damage.
It was a potion of invisibility.
You fade into invisibility!
* * * LOW HITPOINT WARNING * * *
You feel sick.
Your quasit barely misses the gnoll.
Your quasit claws the gnoll but does no damage. x2
The gnoll misses your quasit.
It was a potion of attraction.
You feel attractive to monsters.
* * * LOW HITPOINT WARNING * * *
You feel sick.
Your quasit bites the gnoll but does no damage.
Your quasit barely misses the gnoll.
Your quasit claws the gnoll but does no damage.
The gnoll misses your quasit.
Your quasit bites the gnoll.
The gnoll dies!
The gnoll is attracted toward you.
It was a potion of magic.
Magic courses through your body.
You die...

......).###...##
....#...##.....##
...##...#......)#
...##.†.'.......#
.####.†.#.......# ###
#...##.....##
..###...###..)##
...##)..# #########
....#...####....@.#
....†...##......#5#
...
....#.†.##.....##5#
..
...##...#......##g##
##.#
..###........####g§##
#..# ### ##########
#g..####..#
##....#..?# ##.5....#
## #......# ####..


You could see 3 gnolls, a friendly quasit (summoned) and a friendly white imp
(summoned).

Vanquished Creatures
  An ogre (D:4)
  A scorpion (D:4)
  A gnoll bouda (D:4)
  An iguana (D:4)
  3 gnolls (D:2)
  4 adders
  2 ufetubi (D:4)
  4 dart slugs
  6 orcs
  8 ball pythons
  2 endoplasms
  7 giant cockroaches
  6 goblins
  9 hobgoblins
  3 quokkas
  5 bats
  3 frilled lizards
  10 kobolds
  6 rats
82 creatures vanquished.

Vanquished Creatures (collateral kills)
  An orc priest (D:3)
  2 gnolls
  2 orcs (D:3)
  An endoplasm (D:3)
  A hobgoblin (D:3)
  A rat (D:3)
8 creatures vanquished.

Grand Total: 90 creatures vanquished

Notes
Turn   | Place    | Note
-------+----------+-------------------------------------------
     0 | D:1      | Irreverend the Demonspawn Transmuter began the quest for
                  | the Orb.
     0 | D:1      | Reached XP level 1. HP: 15/15 MP: 3/3
   280 | D:1      | Reached skill level 3 in Unarmed Combat
   280 | D:1      | Discovered your monstrous ancestry.
   280 | D:1      | Gained mutation: You have sharp fingernails. [demonic
                  | ancestry]
   280 | D:1      | Reached XP level 2. HP: 21/21 MP: 3/5
   613 | D:1      | Found a faded altar of an unknown god.
   631 | D:1      | Gained mutation: A weak demonic guardian rushes to your
                  | aid. [demonic ancestry]
   631 | D:1      | Reached XP level 3. HP: 20/26 MP: 4/6
  1021 | D:2      | Reached XP level 4. HP: 32/33 MP: 5/7
  1822 | D:3      | Found a shimmering blue altar of Sif Muna.
  1918 | D:3      | Reached skill level 4 in Unarmed Combat
  1925 | D:3      | Reached XP level 5. HP: 12/39 MP: 6/8
  2427 | D:3      | Found a runed translucent door.
  2447 | D:3      | Found a sparkling altar of Nemelex Xobeh.
  2491 | D:3      | Found an ancient bone altar of Kikubaaqudgha.
  2605 | D:3      | Got the Enchiridion on the Birds and the Wyrd
  2638 | D:3      | Noticed seaoflcl's ghost (amateur MiBe)
  2638 | D:3      | Noticed a centaur
  2808 | D:4      | Noticed an ogre
  2824 | D:3      | Found a hide-covered altar of Uskayaw.
  2946 | D:4      | Killed an ogre
  3860 | D:4      | Reached XP level 6. HP: 38/47 MP: 7/9
  4177 | D:4      | Reached skill level 5 in Unarmed Combat
  4413 | D:4      | HP: 2/47 [poisoned by a gnoll]
  4416 | D:4      | Succumbed to a gnoll's poison

Illustrated notes

Levels and vault maps discovered:
D:1:      roderic_dead_forest, layout_loops_ring,
          hellmonk_ecumenical_altar_arch_garden
D:2:      layout_basic, item_on_display_a
D:3:      layout_basic, led_sif_book, nicolae_overflow_hidden_temple,
          mainiacjoe_overflow_brackets, ebering_ghost_inner_flame,
          nrook_mini_backslash
D:4:      minmay_opposing_rooms, layout_layer_cave

Skill      XL: |  1  2  3  4  5  6 |
---------------+-------------------+-----
Dodging        | 2 3 |  3.5
Unarmed Combat | 3 4 5 |  5.2
Fighting       | 2 3 |  3.3
Spellcasting   | |  2.0
Transmutations | |  1.7

Action                     |  1- 3 |  4- 6 || total
---------------------------+-------+-------++-------
  Melee: Unarmed           |    77 |   121 ||   198
         Kick              |    18 |    22 ||    40
         Headbutt          |     8 |    24 ||    32
         Punch             |       |     7 ||     7
   Cast: Beastly Appendage |    23 |    34 ||    57
    Use: Potion            |     1 |     7 ||     8
   Stab: Sleeping          |       |     1 ||     1
 Armour: Robe              |    11 |    21 ||    32
         Skin              |       |     5 ||     5
  Dodge: Dodged            |    60 |    92 ||   152
